 Dungeon Crawl Stone Soup version 0.18.1-50-g88ac8fd (webtiles) character file.

1214 Inkary the Cleaver (level 8, -6/58 HPs)
             Began as a Formicid Fighter on Sept 17, 2016.
             Was a Believer of Okawaru.
             Mangled by a water moccasin (7 damage)
             ... on level 5 of the Dungeon.
             The game lasted 00:08:30 (5629 turns).

Inkary the Cleaver (Formicid Fighter)               Turns: 5629, Time: 00:08:31

Health: -6/58      AC: 10    Str: 17    XL:     8   Next: 74%
Magic:  17/17      EV:  7    Int: 12    God:    Okawaru [**....]
Gold:   76         SH:  9    Dex: 11    Spells: 0 memorised, 7 levels left

rFire  . . .     SeeInvis +     B - +1 falchion of Diozxat {slice, rPois MP+9 Str-5 Int+4} (curse)
rCold  . . .     Gourm    .     b - +0 scale mail
rNeg   . . .     Faith    .     c - +0 shield
rPois  +         Spirit   .     (helmet unavailable)
rElec  .         Dismiss  .     e - +0 cloak
rCorr  .         Reflect  .     n - +0 pair of gloves
SustAt .         Harm     .     x - +0 pair of boots
MR     +....                    (no amulet)
Stlth  ..........               (no ring)
                                q - ring of protection from magic

@: somewhat resistant to hostile enchantments, extremely unstealthy
A: permanent stasis, dig shafts and tunnels, four strong arms, antennae 3
a: Dig, Shaft Self, Heroism, Renounce Religion


You were on level 5 of the Dungeon.
You worshipped Okawaru.
Okawaru was pleased with you.
You were not hungry.

You visited 2 branches of the dungeon, and saw 6 of its levels.

You collected 228 gold pieces.
You spent 152 gold pieces at shops.

Inventory:

Hand Weapons
 a - a +0 war axe
 B - the cursed +1 falchion of Diozxat (weapon) {slice, rPois MP+9 Str-5 Int+4}
   (You bought it in a shop on level 5 of the Dungeon)

   It inflicts extra damage upon your enemies.
   It affects your strength (-5).
   It affects your intelligence (+4).
   It protects you from poison.
   It affects your magic capacity (+9).
   It has a curse placed upon it.
Armour
 b - a +0 scale mail (worn)
 c - a +0 shield (worn)
 e - a +0 cloak (worn)
 n - a +0 pair of gloves (worn)
 x - a +0 pair of boots (worn)
Jewellery
 d - an uncursed amulet of rage {unknown}
 q - a ring of protection from magic (left hand)
 r - an uncursed ring of fire {unknown}
 A - an uncursed amulet of the gourmand {unknown}
Wands
 y - a wand of confusion (31/48)
Scrolls
 h - 5 scrolls of enchant weapon {unknown}
 j - 2 scrolls of amnesia {unknown}
 k - 4 scrolls of remove curse {unknown}
 l - a scroll of enchant armour {unknown}
 m - a scroll of magic mapping
 o - a scroll of noise {unknown}
 t - a scroll of immolation {unknown}
 u - 2 scrolls of blinking {unknown}
 z - a scroll of identify {unknown}
Potions
 p - 2 potions of berserk rage
 s - a potion of curing
Books
 w - a book of Maledictions

   Spells                             Type                      Level
   a - Corona                         Hexes                        1
   b - Ensorcelled Hibernation        Hexes/Ice                    2
   c - Confuse                        Hexes                        3
   d - Tukima's Dance                 Hexes                        3
   e - Dazzling Spray                 Conjuration/Hexes            3
Comestibles
 f - 2 bread rations
 i - a royal jelly
 v - a beef jerky


   Skills:
 - Level 3.2 Fighting
 + Level 10.0 Axes
 - Level 3.2 Armour
 - Level 3.6 Shields


You had 7 spell levels left.
You didn't know any spells.

Dungeon Overview and Level Annotations

Branches:
Dungeon (5/15)             Temple (1/1) D:5

Altars:
Ashenzari
Cheibriados
Dithmenos
Elyvilon
Fedhas
Kikubaaqudgha
Makhleb
Nemelex Xobeh
Okawaru
Sif Muna
Vehumet
Xom
Yredelemnul
Zin
The Shining One

Shops:
D:4 (   D:5 (


Innate Abilities, Weirdness & Mutations

You are under a permanent stasis effect.
You can dig through walls and to a lower floor.
Your four strong arms can wield two-handed weapons with a shield.
You have a pair of large antennae on your head (SInv).


Message History

You closely miss the water moccasin. You block the water moccasin's attack.
The water moccasin closely misses you.
You miss the water moccasin. The water moccasin barely misses you.
You block the water moccasin's attack.
You miss the water moccasin.
The water moccasin bites you but does no damage.
The water moccasin barely misses you.
You hit the water moccasin.
The water moccasin is moderately wounded.
The water moccasin bites you.
* * * LOW HITPOINT WARNING * * *
The water moccasin bites you.
* * * LOW HITPOINT WARNING * * *
You closely miss the water moccasin.
The water moccasin is moderately wounded.
You block the water moccasin's attack. The water moccasin closely misses you.
You hit the water moccasin.
The water moccasin is heavily wounded.
The water moccasin bites you!
You die...

#.# #.#..# #.#
#.#..###### #.#
#.#........ . #.#
#.#.....###.###. #.#
#.#.........)...
#)#####.#[..# #..#
#)(.........# # #..#
#.#####.#S.##.#####..#
#.# #.#.@..........#
## #.#####.#.....####
#.# #. #.........#.###
#.# #. #.#####.#.#.##
####)#####. #.#
#....#....##...>......
#.#
#)#######.....#######.
#.####....#....##.###
## #....###.#.##
##...## #.###.# #.#.#
##.....##


You could see a water moccasin.

Vanquished Creatures
  Purgy (D:3)
  An orc warrior (D:4)
  4 ogres
  2 scorpions
  A crimson imp (D:5)
  3 orc priests
  A hound (D:4)
  An orc wizard (D:4)
  An iguana (D:5)
  Ijyb (D:3)
  Natasha (thrice) (D:2)
  2 worker ants
  6 gnolls
  5 adders
  An ooze (D:2)
  2 worms
  2 dart slugs
  5 giant geckos
  13 orcs
  2 giant cockroaches (D:3)
  16 goblins
  6 hobgoblins
  5 jackals (D:2)
  4 kobolds
  2 quokkas
  8 bats
  A giant gecko skeleton (D:4)
  8 giant newts
  13 rats
120 creatures vanquished.

Notes
Turn   | Place    | Note
--------------------------------------------------------------
     0 | D:1      | Inkary the Formicid Fighter began the quest for the Orb.
     0 | D:1      | Reached XP level 1. HP: 18/18 MP: 1/1
    67 | D:1      | Reached XP level 2. HP: 21/24 MP: 2/2
   211 | D:1      | Reached skill level 3 in Axes
   332 | D:1      | Reached XP level 3. HP: 20/29 MP: 3/3
   568 | D:2      | Noticed Natasha
   570 | D:2      | Killed Natasha
   577 | D:2      | Reached XP level 4. HP: 35/35 MP: 4/4
   583 | D:2      | Reached skill level 4 in Axes
   825 | D:2      | HP: 1/35 [gnoll/spear of flaming (1)]
  1131 | D:2      | Noticed Natasha
  1152 | D:2      | Killed Natasha
  1152 | D:2      | Reached XP level 5. HP: 16/41 MP: 5/5
  1162 | D:2      | Reached skill level 5 in Axes
  1411 | D:2      | Noticed Natasha
  1431 | D:2      | Killed Natasha
  1906 | D:2      | Reached XP level 6. HP: 47/47 MP: 6/6
  2057 | D:3      | Found an iron altar of Okawaru.
  2073 | D:3      | Became a worshipper of Warmaster Okawaru
  2355 | D:3      | Noticed Ijyb
  2362 | D:3      | Killed Ijyb
  2362 | D:3      | Reached skill level 6 in Axes
  2379 | D:3      | Noticed Purgy
  2392 | D:3      | Killed Purgy
  2778 | D:4      | Reached skill level 7 in Axes
  2778 | D:4      | Reached XP level 7. HP: 52/52 MP: 7/7
  2794 | D:4      | Reached * piety under Okawaru
  2929 | D:4      | Found a snail-covered altar of Cheibriados.
  2994 | D:4      | Found Kuchima's Antique Weapon Shoppe.
  3070 | D:4      | Reached skill level 8 in Axes
  4097 | D:4      | Reached XP level 8. HP: 12/58 MP: 8/8
  4501 | D:5      | Entered Level 5 of the Dungeon
  4524 | D:5      | Found a glowing silver altar of Zin.
  4669 | D:5      | Found Xiymy's Antique Weapon Emporium.
  4682 | D:5      | Reached skill level 9 in Axes
  4726 | D:5      | Bought a faintly glowing falchion for 152 gold pieces
  4726 | D:5      | Identified the cursed +1 falchion of Diozxat {slice, rPois MP+9 Str-5 Int+4} (You bought it in a shop on level 5 of the Dungeon)
  4746 | D:5      | Found a staircase to the Ecumenical Temple.
  5145 | Temple   | Entered the Ecumenical Temple
  5571 | D:5      | Reached ** piety under Okawaru
  5580 | D:5      | Reached skill level 10 in Axes
  5627 | D:5      | HP: 1/58 [water moccasin (4)]
  5629 | D:5      | Mangled by a water moccasin

Skill      XL: |  1  2  3  4  5  6  7  8 |
---------------+-------------------------+-----
Axes           | 3 4 5 7 8 10 | 10.0
Fighting       | |  3.2
Armour         | |  3.2
Shields        | |  3.6

Action                   |  1- 3 |  4- 6 |  7- 9 || total
-------------------------+-------+-------+-------++-------
Melee: War axe           |    70 |   259 |   123 ||   452
       Falchion          |       |       |    77 ||    77
  Use: Scroll            |       |     2 |     4 ||     6
       Potion            |       |     3 |       ||     3
 Stab: Distracted        |       |     1 |       ||     1
  Eat: Chunk             |       |     7 |     9 ||    16
Armor: Scale mail        |    26 |   116 |    75 ||   217
Dodge: Dodged            |    25 |    87 |    57 ||   169
Block: Shield            |    44 |   164 |    86 ||   294
